 Dungeon Crawl Stone Soup version 0.28-a0-691-gad6df49e81 (webtiles) character file.

Game seed: 16788615370218403026

227 Foxy the Ruffian (level 6, -2/61 HPs)
             Began as an Ogre Transmuter on Oct 22, 2021.
             Was an Initiate of Gozag.
             Slain by a scorpion (8 damage)
             ... on level 5 of the Dungeon.
             The game lasted 00:07:35 (5026 turns).

Foxy the Ruffian (Ogre Transmuter)                  Turns: 5026, Time: 00:07:35

Health: -2/61      AC:  3    Str: 15    XL:     6   Next: 2%
Magic:  9/9        EV: 10    Int: 16    God:    Gozag
Gold:   228        SH:  0    Dex:  9    Spells: 1/9 levels left

rFire   . . .      SeeInvis .     - Unarmed
rCold   . . .      Faith    .   (no shield)
rNeg    . . .      Spirit   .   a - +0 robe
rPois   .          Reflect  .   (helmet restricted)
rElec   .          Harm     .   (no cloak)
rCorr   .          Rampage  .   (gloves unavailable)
Will    .....                   (boots unavailable)
Stlth   +.........              (no amulet)
HPRegen 0.20/turn               (no ring)
MPRegen 0.11/turn               (no ring)

@: lethally poisoned (-2 -> -14)
A: large, unfitting armour, tough skin 1
a: Renounce Religion, Potion Petition, Call Merchant, Bribe Branch


You were on level 5 of the Dungeon.
You worshipped Gozag.
Gozag was aware of your devotion.
You visited 1 branch of the dungeon, and saw 5 of its levels.

You collected 264 gold pieces.
You paid 36 gold pieces to Gozag.

Inventory:

Missiles
 h - 3 large rocks
Armour
 a - a +0 robe (worn)
Scrolls
 b - a scroll of amnesia {unknown}
 c - 2 scrolls of identify {unknown}
 e - a scroll of fog {unknown}
 g - a scroll of silence {unknown}
 j - 3 scrolls of teleportation {unknown}
 l - a scroll of holy word {unknown}
 n - 2 scrolls of enchant weapon {unknown}
 o - a scroll of vulnerability {unknown}
 r - a scroll of immolation {unknown}
 s - a scroll of noise {unknown}
Potions
 d - a potion of cancellation
 f - 2 potions of lignification
 i - 2 potions of attraction {unknown}
 k - a potion of flight {unknown}
 m - 2 potions of haste {unknown}
 p - a potion of might {unknown}
 q - a potion of curing {unknown}


   Skills:
 + Level 3.2 Fighting
 + Level 2.7 Dodging
 * Level 4.0 Unarmed Combat
 - Level 2.4 Spellcasting
 * Level 3.4 Transmutations


You had one spell level left.
You knew the following spells:

 Your Spells              Type           Power      Damage    Failure   Level
a - Beastly Appendage     Tmut           24%        N/A       4%          1
b - Petrify               Tmut/Erth      7%         N/A       69%         4
c - Spider Form           Tmut/Pois      3%         N/A       30%         3

Your spell library contained the following spells:

 Spells                   Type           Power      Damage    Failure   Level
 Wereblood                Tmut           12%        N/A       8%          2
 Sublimation of Blood     Necr           0%         N/A       30%         2
 Ignite Poison            Fire/Tmut/Pois 5%         N/A       36%         3
 Mephitic Cloud           Conj/Pois/Air  1%         N/A       52%         3
 Ice Form                 Ice/Tmut       7%         N/A       69%         4
 Irradiate                Conj/Tmut      3%         3d15      95%         5
 Freezing Cloud           Conj/Ice/Air   0%         6-21      99%         5
 Summon Hydra             Summ           0%         N/A       100%        7


Dungeon Overview and Level Annotations

Branches:
Dungeon (5/15)
 Temple: D:4-7

Altars:
Ashenzari
Fedhas
Gozag
Okawaru
Ru
Vehumet
Zin
The Shining One

Annotations:
D:4 1 runed translucent door, pop123321pop's ghost, weakling DEAE


Innate Abilities, Weirdness & Mutations

You are too large for most types of armour.
You have tough skin. (AC +1)


Message History

The scorpion stings you but does no damage.
You hit the scorpion but do no damage.
You feel sick. The scorpion stings you.
You barely miss the scorpion. You headbutt the scorpion.
The scorpion is moderately wounded.
Your transformation is almost over.
You feel sick. The scorpion stings you. The scorpion closely misses you.
You hit the scorpion but do no damage. Your kick misses the scorpion.
The scorpion is moderately wounded.
You feel sick. The scorpion stings you!
You are more poisoned.
The scorpion poisons you!
You hit the scorpion.
You headbutt the scorpion, but do no damage.
The scorpion is heavily wounded.
You feel very sick. The scorpion stings you.
* * * LOW HITPOINT WARNING * * *
You closely miss the scorpion.
The scorpion is heavily wounded.
You feel sick. The scorpion stings you.
* * * LOW HITPOINT WARNING * * *
You are lethally poisoned!
The scorpion poisons you!
It was a potion of lignification.
Your horns disappear.
Your talons disappear.
You turn into a tree.
Your +0 robe melds into your body.
Your roots penetrate the ground.
* * * LOW HITPOINT WARNING * * *
You feel very sick.
The scorpion stings you but does no damage.
It was a potion of cancellation.
Your magical effects are unravelling.
You feel magically purged.
You feel less wooden.
Your +0 robe unmelds from your body.
* * * LOW HITPOINT WARNING * * *
You feel very sick. The scorpion stings you!
You die...
Your body crumbles into a pile of gold.

#.# #.# # #.# #.# #
########.# #.# ###
.......(.###.# #.#
##......#....# #..
#.####.#....######.#
....#.#........##.#
#s##.#....###.##.#
#@......#.# #.##.#
####.####.###.##.# $
................
###########.##.#
...##.# #>.......
#........ #.......#
.....##.#


You could see a scorpion.

Vanquished Creatures
  A bullfrog zombie (D:5)
  An iguana (D:4)
  2 orc wizards (D:3)
  5 adders
  An ufetubus (D:4)
  2 dart slugs (D:2)
  5 orcs
  2 endoplasms
  A giant cockroach (D:1)
  7 goblins
  4 hobgoblins
  3 jackals (D:1)
  5 quokkas
  5 ball pythons
  5 bats
  5 frilled lizards
  8 kobolds
  4 rats
66 creatures vanquished.

Notes
Turn   | Place    | Note
-------+----------+-------------------------------------------
     0 | D:1      | Foxy the Ogre Transmuter began the quest for the Orb.
     0 | D:1      | Reached XP level 1. HP: 19/19 MP: 3/3
   145 | D:1      | Reached XP level 2. HP: 23/27 MP: 5/5
   597 | D:1      | Reached skill level 3 in Unarmed Combat
   836 | D:1      | Reached XP level 3. HP: 23/35 MP: 4/6
  1354 | D:1      | Found a faded altar of an unknown god.
  1837 | D:2      | Reached XP level 4. HP: 26/44 MP: 7/7
  2793 | D:3      | Found a broken altar of Ashenzari.
  3092 | D:3      | Reached XP level 5. HP: 42/50 MP: 8/8
  3415 | D:2      | Learned a level 4 spell: Petrify
  3420 | D:2      | Learned a level 3 spell: Spider Form
  3564 | D:3      | Found an opulent altar of Gozag.
  3590 | D:3      | Became a worshipper of Gozag Ym Sagoz the Greedy
  3839 | D:3      | Found a glowing golden altar of the Shining One.
  3843 | D:3      | Found an iron altar of Okawaru.
  3843 | D:3      | Found a sacrificial altar of Ru.
  3856 | D:3      | Found a blossoming altar of Fedhas.
  3866 | D:3      | Found a glowing silver altar of Zin.
  4052 | D:4      | Found a runed translucent door.
  4063 | D:4      | Noticed pop123321pop's ghost (weakling DEAE)
  4750 | D:5      | Entered Level 5 of the Dungeon
  4810 | D:5      | Found a radiant altar of Vehumet.
  4826 | D:5      | Reached skill level 4 in Unarmed Combat
  4826 | D:5      | Reached XP level 6. HP: 28/61 MP: 9/9
  5026 | D:5      | Slain by a scorpion

Illustrated notes

Levels and vault maps discovered:
D:1:      minmay_arrival_semitransparent, layout_loops_ring,
          hellmonk_ecumenical_altar_crossroads, serial_park_tiny_2
D:2:      layout_basic, minmay_fractal_squares_gapless_5
D:3:      layout_loops_ring, lemuel_doored_altar, grunt_gozag_breadcrumbs,
          minmay_overflow_temple_star_hex, minmay_misc_feat_square
D:4:      layout_cave_pools, ebering_ghost_reflecting_pool, minmay_statues_item
D:5:      layout_basic, vehumet_altar_wand_db, gammafunk_temple_overflow_wave,
          uniq_prince_ribbit1, uniq_sigmund

Skill      XL: |  1  2  3  4  5 |
---------------+----------------+-----
Transmutations | 2 3 |  3.4
Dodging        | 2 |  2.7
Unarmed Combat | 3 4 |  4.0
Fighting       | 2 3 |  3.2
Spellcasting   | |  2.4

Action                   |  1- 3 |  4- 6 || total
-------------------------+-------+-------++-------
Melee: Unarmed           |   141 |   140 ||   281
       Kick              |    12 |    29 ||    41
       Headbutt          |     7 |    14 ||    21
       Punch             |       |     1 ||     1
 Cast: Beastly Appendage |    24 |    18 ||    42
       Spider Form       |       |     1 ||     1
  Use: Potion            |       |     2 ||     2
 Stab: Sleeping          |     1 |       ||     1
Armor: Robe              |    55 |    27 ||    82
       Skin              |       |     1 ||     1
Dodge: Dodged            |    78 |    71 ||   149

Table legend: (Time is in decaauts)
 A = Elapsed time spent in this place.
 B = Non-inter-level travel time spent in this place.
 C = Inter-level travel time spent in this place.
 D = Time resting spent in this place.
 E = Time spent auto-exploring this place.
 F = Levels seen in this place.
 G = Mean time per level.
                   A        B        C        D        E       F      G
               +--------+--------+--------+--------+--------+-----+--------+
         Total |   5010 |   4880 |    130 |    519 |   3633 |   5 | 1002.0 |
       Dungeon |   5010 |   4880 |    130 |    519 |   3633 |   5 | 1002.0 |
               +--------+--------+--------+--------+--------+-----+--------+

Top non-repeatable levels by time:
     D:2: 1548 daAuts
     D:1: 1387 daAuts
     D:3: 1102 daAuts
     D:4: 718 daAuts
     D:5: 253 daAuts
